Cogmind - Beta 13 @@@ ROGUE MODE // 2024.04.01 @ 17:16:05 Player: Olafz Result: Destroyed by G-47 Trooper with Particle Gun Performance ------------- Evolutions (0) 0 Regions Visited (2) 400 Robots Destroyed (11) 55 Value Destroyed (223) 223 Prototype IDs (0) 0 Alien Tech Used (0) 0 Bonus (0) 0 TOTAL SCORE: 678 Bonus ------- None Cogmind --------- Core Integrity 0/250 Matter 290/300 Energy 250/250 System Corruption 5% Temperature Warm (187) Movement Treading (160) Location -10/Mines Parts ------- > --- POWER (1) -------- Ion Engine > --- PROPULSION (2) --- Improved Treads Improved Treads > --- UTILITY (2) ------ Improved Targeting Computer Improved Targeting Computer > --- WEAPON (2) ------- Mace Mace > --- INVENTORY (5) ---- Ion Engine Light Ion Engine Assault Rifle Peak State ------------ > --- POWER ------------ Ion Engine > --- PROPULSION ------- Improved Treads Improved Treads > --- UTILITY ---------- Improved Targeting Computer Improved Targeting Computer > --- WEAPON ----------- Mace Mace > --- INVENTORY -------- Light Ion Engine Assault Rifle [Rating: 13] Favorites ----------- Power Ion Engine Engine Ion Engine Propulsion Improved Treads Treads Improved Treads Wheel Compact Wheel Utility Improved Targeting Computer Device Improved Terrain Scanner Processor Improved Targeting Computer Weapon Mace Energy Gun EM Pulse Gun Ballistic Gun Assault Rifle Impact Weapon Mace Build | -11 -10 -10 ------- Run | Yrd Mat Min Slots Evolved . | . . . Power . | . . . Propulsion . | . . . Utility . | . . . Weapon . | . . . Parts Attached 16 | 6 9 1 Power 4 | 2 1 1 Engine 4 | 2 1 1 Core . | . . . Reactor . | . . . Propulsion 4 | 2 2 . Treads 2 | . 2 . Leg . | . . . Wheel 2 | 2 . . Hover . | . . . Flight . | . . . Utility 3 | 1 2 . Device 1 | 1 . . Storage . | . . . Processor 2 | . 2 . Hackware . | . . . Protection . | . . . Artifact . | . . . Weapon 5 | 1 4 . Energy Gun 1 | . 1 . Energy Cannon . | . . . Ballistic Gun 2 | 1 1 . Ballistic Cannon . | . . . Launcher . | . . . Special Weapon . | . . . Impact Weapon 2 | . 2 . Slashing Weapon . | . . . Piercing Weapon . | . . . Special Melee Weapon . | . . . Unidentified Prototypes . | . . . Parts Lost 5 | . 5 . Power 1 | . 1 . Propulsion 2 | . 2 . Utility 1 | . 1 . Weapon 1 | . 1 . Highest Loss Streak 5 | . 5 . To Critical Strikes . | . . . Average Slot Usage (%) 79 | . 60 100 Engine 12 | . 11 14 Treads 18 | . 10 28 Wheel 3 | . 7 . Device 2 | . 4 . Processor 18 | . 9 28 Energy Gun 1 | . 2 . Ballistic Gun 1 | . 3 . Impact Weapon 18 | . 10 28 Naked Turns 27 | . 27 . Heaviest Build 9 | 6 9 9 Greatest Support 46 | 26 46 46 Greatest Overweight (x) 2 | . 2 . Average Overweight (x) . | . . . Largest Inventory Capacity 5 | 5 5 5 Average Capacity 5 | 5 5 5 Most Carried 3 | 1 2 3 Average Carried 1 | . 1 2 Final Capacity 5 | 5 5 5 Final Carried 3 | 1 2 3 Class Distribution -------------------- 100% | Mutant Dominant Class ---------------- Mutant | -10/Materials Mutant | -10/Mines Resources | -11 -10 -10 ----------- Run | Yrd Mat Min Matter Collected 386 | 279 19 88 Remotely . | . . . Salvage Created 394 | 166 94 134 Parts 22 | 11 7 4 Haulers Intercepted . | . . . Recyclers Shooed . | . . . Parts Field Recycled . | . . . Retrieved Matter . | . . . Parts Self-Destructed . | . . . Prevented . | . . . Kills | -11 -10 -10 ------- Run | Yrd Mat Min Combat Hostiles Destroyed 5 | . 2 3 Melee 4 | . 1 3 Guns 1 | . 1 . Classes Destroyed 5 | 3 1 1 Worker 2 | 2 . . Builder 1 | . . 1 Tunneler 2 | 2 . . Recycler 1 | 1 . . Grunt 5 | . 2 3 Best Kill Streak 3 | 3 1 2 Combat Bots Only 2 | . 1 2 Max Kills in Single Turn 1 | 1 1 1 Gunslinging . | . . . Exploded . | . . . Melee 1 | . 1 1 Uniques/NPCs Destroyed . | . . . Combat | -11 -10 -10 -------- Run | Yrd Mat Min Hostile Shots Fired 46 | . 32 14 Missed 11 | . 8 3 Damage Taken 590 | 12 424 154 Core 256 | 8 232 16 Absorbed by Shields . | . . . Core Remaining (%) 96 | 96 . . Volleys Fired 38 | 18 20 . Largest 1 | 1 1 . Hottest 40 | 20 40 . Shots Fired 38 | 18 20 . Gun 38 | 18 20 . Cannon . | . . . Launcher . | . . . Special . | . . . Kinetic 24 | 18 6 . Thermal . | . . . Explosive . | . . . Electromagnetic 14 | . 14 . Robot Hit Streak 4 | 3 4 . Robot Miss Streak 5 | 2 5 . Penetration Max . | . . . Secondary Targets . | . . . Shots Hit Robots 25 | 11 7 7 Core Hits 21 | 8 11 2 Critical Kills . | . . . Critical Parts Destroyed 1 | . . 1 Critical Strikes 2 | . 1 1 Corrupt 1 | . 1 . Smash 1 | . . 1 Melee Attacks 14 | . . 14 Impact 14 | . . 14 Slashing . | . . . Piercing . | . . . Sneak Attacks 2 | . . 2 Combat Hostiles 1 | . . 1 Follow-up Attacks 1 | . . 1 Damage Inflicted 687 | 160 219 308 Guns 240 | 132 108 . Cannons . | . . . Explosions . | . . . Melee 308 | . . 308 Ramming 139 | 28 111 . Kinetic 171 | 132 39 . Thermal . | . . . Explosive . | . . . Electromagnetic 69 | . 69 . Impact 308 | . . 308 Slashing . | . . . Piercing . | . . . Highest Corruption 5 | . 5 5 Average Corruption 4 | . 4 5 Corruption Purged . | . . . Corruption Blocked . | . . . Effects 14 | . 6 8 Message Errors 3 | . 1 2 Matter Fused 1 | . . 1 Heat Flow Errors 5 | . 2 3 Data Loss (minor) 2 | . 1 1 Data Loss (major) 2 | . 1 1 Alerts 1 | . 1 . Overload Shots . | . . . Overflow Damage 54 | . . 54 Projectiles . | . . . Explosions . | . . . Melee 54 | . . 54 Knockbacks 1 | . . 1 Impact 1 | . . 1 Kinetic . | . . . Secondary . | . . . Self-Inflicted Damage 53 | 12 41 . Shots . | . . . Rammed 60 | 11 49 . Targets Rammed 60 | 11 49 . Kicked . | . . . Crushed . | . . . Highest Temperature 278 | . 275 278 Average Temperature 100 | . 73 141 Received Heat Transfer 309 | . 216 93 Siege Activations . | . . . Robots Corrupted . | . . . Combat Hostiles . | . . . Parts Fried 6 | . 1 5 Impact Corruptions 4 | . . 4 Robots Melted . | . . . Combat Hostiles . | . . . Parts Melted . | . . . Heat Transferred . | . . . Parts Sabotaged . | . . . Parts Stolen . | . . . Parts Stripped . | . . . Power Chain Reactions . | . . . Alert | -11 -10 -10 ------- Run | Yrd Mat Min Peak Influence 92 | 25 45 92 Initial 17 | . 16 17 Average 38 | 8 26 68 Maximum Alert Level . | . . . Low Security (%) 100 | 100 100 100 Level 1 . | . . . Level 2 . | . . . Level 3 . | . . . Level 4 . | . . . Level 5 . | . . . High Security . | . . . Max Security . | . . . Squads Dispatched . | . . . Investigation . | . . . Extermination . | . . . Reinforcement . | . . . Assault . | . . . Garrison . | . . . Intercept . | . . . Searches Triggered . | . . . Construction Impeded . | . . . Haulers Reinforced . | . . . Active Scanning Responses . | . . . Cargo Convoy Interrupts . | . . . Stealth | -11 -10 -10 --------- Run | Yrd Mat Min Distress Signals 1 | . 1 . Communications Jammed . | . . . Distress Signals . | . . . Times Spotted 7 | . 4 3 Peak Tracking Total 3 | . 3 2 Tactical Retreats . | . . . Traps | -11 -10 -10 ------- Run | Yrd Mat Min Traps Triggered . | . . . Indirectly . | . . . Trap Hack Attempts . | . . . Triggered . | . . . Disarmed . | . . . Reprogrammed . | . . . Reused . | . . . Traps Extracted . | . . . Installed . | . . . Triggered . | . . . Machines | -11 -10 -10 ---------- Run | Yrd Mat Min Machines Disabled . | . . . Max in Single Turn . | . . . Machines Repaired . | . . . Machines Dismantled . | . . . Machines Sabotaged . | . . . Overloaded Fab Kills . | . . . Hacking | -11 -10 -10 --------- Run | Yrd Mat Min Machines Accessed 1 | . 1 . Terminals 1 | . 1 . Fabricators . | . . . Repair Stations . | . . . Recycling Units . | . . . Scanalyzers . | . . . Garrison Access . | . . . Total Hacks 2 | . 2 . Successful . | . . . Failed 2 | . 2 . Catastrophic 1 | . 1 . Database Lockouts . | . . . Manual . | . . . Terminals 2 | . 2 . Fabricators . | . . . Repair Stations . | . . . Recycling Units . | . . . Scanalyzers . | . . . Garrison Access . | . . . Terminal Hacks . | . . . Fabricator Hacks . | . . . Repair Station Hacks . | . . . Recycling Unit Hacks . | . . . Scanalyzer . | . . . Garrison Access Hacks . | . . . Unauthorized Hacks . | . . . Terminals . | . . . Fabricators . | . . . Repair Stations . | . . . Recycling Units . | . . . Scanalyzers . | . . . Garrison Access . | . . . Data Cores Recovered . | . . . Used . | . . . Hacking Detections 1 | . 1 . Full Trace Events 1 | . 1 . Feedback Events . | . . . Feedback Blocked . | . . . Robot Schematics Acquired . | . . . Robots Built . | . . . Authchips . | . . . Time . | . . . Total Robot Build Rating . | . . . Part Schematics Acquired . | . . . Parts Built . | . . . Authchips . | . . . Time . | . . . Total Part Build Rating . | . . . Parts Repaired . | . . . Time . | . . . Parts Recycled . | . . . Recycled Matter . | . . . Retrieved Matter . | . . . Retrieved Components . | . . . Parts Scanalyzed . | . . . Part Schematics Acquired . | . . . Parts Damaged . | . . . Bothacking | -11 -10 -10 ------------ Run | Yrd Mat Min Used RIF Installer . | . . . Robots Hacked . | . . . Non-combat . | . . . Combat . | . . . Robot Hacks Applied . | . . . Relay Couplers Released . | . . . Fabnet Peak Effective % . | . . . Robots Rewired . | . . . Allies Hacked . | . . . Hacks Repelled . | . . . Allies | -11 -10 -10 -------- Run | Yrd Mat Min Total Allies . | . . . Largest Group . | . . . Highest-Rated Group . | . . . Highest-Rated Ally . | . . . Total Orders . | . . . Ally Attacks . | . . . Total Damage . | . . . Kills . | . . . Allies Corrupted . | . . . Allies Melted . | . . . Intel | -11 -10 -10 ------- Run | Yrd Mat Min Robot Analysis Total . | . . . Derelict Logs Recovered . | . . . Drone Launches . | . . . Drone Recoveries . | . . . Exploration | -11 -10 -10 ------------- Run | Yrd Mat Min Turns Passed 717 | 140 305 272 Spaces Moved 412 | 95 174 143 Core 66 | 4 62 . Treads 211 | . 68 143 Legs . | . . . Wheels 135 | 91 44 . Hover . | . . . Flight . | . . . Fastest Speed 50 | 50 50 160 Average Speed 125 | 88 116 160 Slowest Speed 160 | 100 160 160 Overloaded Moves . | . . . Propulsion Burnouts . | . . . Robots Hopped . | . . . Cave-ins Triggered . | . . . Exploration Rate (%) 19 | 5 33 21 Regions Visited 2 Branch Regions 1 Pre-discovered Areas . | . . . Known Exits Taken . | . . . Unknown Exits Taken 2 | 1 1 . Scrap Searched . | . . . Spaces Dug . | . . . Terrain Destroyed . | . . . Melee . | . . . Projectile . | . . . AOE . | . . . Terrain Rammed . | . . . Walls Destroyed . | . . . Machines Disabled . | . . . Actions | -11 -10 -10 --------- Run | Yrd Mat Min Total 549 | 129 253 167 Wait 13 | . . 13 Move 410 | 94 173 143 Hop . | . . . Pick Up . | . . . Fast Attach 13 | 5 8 . Attach 1 | . 1 . Detach 2 | . 2 . Swap 2 | 1 . 1 Drop . | . . . Fire 38 | 18 20 . Melee 10 | . . 10 Ram 60 | 11 49 . Kick . | . . . Crush . | . . . Escape Stasis . | . . . Rewire . | . . . Trap . | . . . Miscellaneous . | . . . Route ------- -11/Scrapyard -10/Materials -10/Mines History --------- Turn | Location | Event 15 | -11/Scrapyard | Discovered new exit (range 15) 141 | -11/Scrapyard | Entered Materials 238 | -10/Materials | Core integrity fell below 50% 252 | -10/Materials | Core integrity fell below 20% 271 | -10/Materials | Lost 5 parts (1p2n1u1w) 307 | -10/Materials | Build established: Mutant 417 | -10/Materials | Discovered new exit (range 14) 446 | -10/Materials | Entered Mines 718 | -10/Mines | Destroyed by G-47 Trooper with Particle Gun Last Messages --------------- 00636_ Acquired 9 matter. 00637_ K-01 Serf collects debris. 00652_ System corrupted: Substantial component data lost. 00666_ K-01 Serf collects debris. 00689_ System corrupted: Matter fused (-9). 00693_ K-01 Serf collects debris. 00701_ G-34 Mercenary suffers critical hit (Smash). 00701_ Destroyed Heat Sink. 00701_ G-34 Mercenary system corrupted by crushing effect. 00701_ Ion Engine fried. 00701_ G-34 Mercenary destroyed. 00703_ Laser Drill disabled. 00704_ K-01 Serf collects debris. 00710_ Mace follow-up attack on G-47 Trooper. 00711_ System corrupted: Heat flow error (+295). 00711_ K-01 Serf collects debris. 00713_ Destroyed Imp. Heat Sink. 00713_ G-47 Trooper system corrupted by crushing effect. 00714_ G-47 Trooper IFF system glitched. 00714_ K-01 Serf collects debris. Map ----- +----------------------------------------------------+ | ?????????????????????????????????????????????????? | | ?????????????????????????????????????????????????? | | ?????????????????????????????????????????????????? | | ?????????????????????????????????????????????????? | | ?????????????????????????????????????????????????? | | ???????????????????????????? ????????????????????? | | ???????????????????????????? ????????????????????? | | ???????????????????????????? ????????????????????? | | ???????????????????????????? ????????????????????? | | ???????????????????######??? ????????????????????? | | ???????????????????# #??? ????????????????????? | | ???????????????????# # #### ##??????????????????? | | ??????????????####?# # #????????????? | | ?????????????## ### # #### ##??????????????????? | | ?????????????# # #??# #???????????????????? | | ????????????## # ##?# #???????????????????? | | ????????##### ##### #?# #???????????????????? | | ???????## #??# #?# #???????????????????? | | ??###### """ #??# ### #???????????????????? | | ??# """ #??# ## #???????????????????? | | ??# ### """ #### ###?????????????????? | | ??# #?## ## ###???????????????? | | ??# #??### ### """ ##??????????????? | | ??# #????## #?### """ ##?????????????? | | ??# ####??## #???## "k #?????????????? | | ??# #???# ##????#g@ ### #?????????????? | | ??#### #???# ##?????# ####?## #?????????????? | | ?????# #???# ##?????# ##??????###?????????????? | | ?????# #??## ##????# #???????????????????????? | | ?????# #?## #???# #???????????????????????? | | ?????# ### #???# #???????????????????????? | | ?????# #???## ##???????????????????????? | | ?????# ## ##????###?????????????????????????? | | ?????# ### ##?????????????????????????????????? | | ?????# #?## ###??????????????????????????????????? | | ?????# #### #????????????????????????????????????? | | ?????# #????????????????????????????????????? | | ?????# ######????????????????????????????????????? | | ###### ##????????????????????????????????????????? | | # #????????????????????????????????????????? | | # """ #????????????????????????????????????????? | | # = """ ######## #???????????????????????????????? | | #! """ ?????????????????????????????????? | | # =% ####?????????????????????????????????????? | | #########????????????????????????????????????????? | | ?????????????????????????????????????????????????? | | ?????????????????????????????????????????????????? | | ?????????????????????????????????????????????????? | | ?????????????????????????????????????????????????? | | ?????????????????????????????????????????????????? | +----------------------------------------------------+ Best States ------------- Heat Dissipation 25 Energy Generation 10 Energy Capacity 250 Matter Stores 300 Matter Capacity 300 Sight Range 16 Terrain Scan Range 16 Terrain Scan Density 10 Evasion (%) 50 Targeting Accuracy 12 Recoil Reduction 2 Item Schematics ----------------- None Robot Schematics ------------------ None Fabricated ------------ Nothing Alien Tech Used ----------------- None Achievements -------------- None Challenges ------------ None Game ------ Seed AdvancedLightpackTerrabomb Manual? 0 Play Time 00:07:46 Cumulative 8.3 hours Start 2024.04.01 @ 17:09:38 End 2024.04.01 @ 17:16:05 Sessions 1 Manual Loads 0 Difficulty Rogue Special Mode None Game No. 21 Rogue 19 Adventurer 2 Explorer 0 Win Type - Total 0 Types 0/0/0/0/0/0/0/0/0 Lore% 14 Gallery% 15 Achievement% 15 Wizard Run 0 Options --------- Layout 0 ASCII 0 Keyboard 1 Movement Arrows Keybinds 0 Fullscreen 2 Font 18/SmallcapsGlow Map View 76x50 Zoom Use 0% Tactical HUD 1 Map Filters NONE Filters NONE Steam 1 RUN: 74900e1d-a052-4bd9-800e-c74d44317e42